 Dungeon Crawl Stone Soup version 0.21-a0-349-g0c35859 (webtiles) character file.

214706 ErgoProxy the Black Belt (level 18, -1/144 HPs)
             Began as a Demonspawn Artificer on Oct 7, 2017.
             Was the Champion of Makhleb.
             Slain by a cyclops (13 damage)
             ... on level 3 of the Shoals on Oct 8, 2017.
             The game lasted 03:14:48 (37103 turns).

ErgoProxy the Black Belt (Demonspawn Artificer)    Turns: 37103, Time: 03:14:50

Health: -1/144     AC: 15    Str: 15    XL:     18   Next: 31%
Magic:  28/28      EV: 17    Int: 17    God:    Makhleb [******]
Gold:   486        SH:  6    Dex: 21    Spells: 4/22 levels left

rFire    + + .     SeeInvis .     - Unarmed
rCold    . . .     Gourm    .   R - +0 buckler
rNeg     . . .     Faith    .   r - +2 scale mail {rF+}
rPois    +         Spirit   .   (helmet restricted)
rElec    .         Reflect  .   m - +2 cloak {rPois}
rCorr    .         Harm     .   b - +2 pair of gloves
MR       ++...                  (boots unavailable)
Stlth    +.........             G - amulet "Empofaif" {Regen+ Int+2 Dex+4}
HPRegen  0.74/turn              w - ring of wizardry
MPRegen  0.21/turn              X - ring of protection from magic

@: no status effects
A: antennae 2, claws 1, talons 3, fire resistance 1, spiny 2, flame cloud
immunity
}: 1/15 runes: serpentine
a: Minor Destruction, Lesser Servant of Makhleb, Major Destruction, Greater
Servant of Makhleb, Renounce Religion


You were on level 3 of the Shoals.
You worshipped Makhleb.
Makhleb was exalted by your worship.
You were not hungry.

You visited 6 branches of the dungeon, and saw 31 of its levels.
You also visited: Labyrinth, Sewer, Bailey and Volcano.

You collected 3315 gold pieces.
You spent 2829 gold pieces at shops.

Inventory:

Missiles
 o - 8 throwing nets (quivered)
Armour
 b - a +2 pair of gloves (worn)
 m - a +2 cloak of poison resistance (worn)
 r - a +2 scale mail of fire resistance (worn)
 D - a +0 shield of reflection
 R - a +0 buckler (worn)
Jewellery
 q - an uncursed ring of protection from fire
 u - an uncursed ring of positive energy
 w - a ring of wizardry (left hand)
 x - an uncursed ring of protection from cold
 G - the amulet "Empofaif" (around neck) {Regen+ Int+2 Dex+4}
   (You bought it in a shop on level 2 of the Orcish Mines)

   [amulet of regeneration]

   It affects your intelligence (+2).
   It affects your dexterity (+4).
   It increases your rate of regeneration.
 O - a +5 ring of dexterity
 X - a ring of protection from magic (right hand)
Wands
 a - a wand of flame (16/48)
 d - a wand of enslavement (0/24)
 k - a wand of confusion (8/48)
 v - a wand of lightning (12/15)
 B - a wand of polymorph (7/24)
 C - a wand of paralysis (9/24)
 E - a wand of disintegration (21/24)
 J - a wand of clouds (1/9)
 K - a wand of digging (10/24)
 M - a wand of acid (7/15)
 N - a wand of disintegration (2/24)
 Q - a wand of paralysis (12/24)
 W - a wand of iceblast (0/15)
 Z - a wand of paralysis (6/24)
Scrolls
 e - 8 scrolls of identify
 g - 19 scrolls of remove curse
 i - 2 scrolls of blinking
 l - 2 scrolls of fear
 p - 3 scrolls of magic mapping
 y - a scroll of summoning
 A - 7 scrolls of teleportation
 I - 7 scrolls of enchant armour
 P - 3 scrolls of fog
 V - 2 scrolls of immolation
Potions
 c - 4 potions of resistance
 h - a potion of ambrosia
 j - 5 potions of might
 n - 4 potions of cancellation
 s - 3 potions of haste
 t - 7 potions of heal wounds
 z - 5 potions of brilliance
 F - 4 potions of lignification
 L - 12 potions of curing
 U - 9 potions of agility
 Y - 4 potions of berserk rage
Comestibles
 f - 13 bread rations
 H - 16 meat rations
 S - 20 fruits


   Skills:
 - Level 13.5 Fighting
   Level 0.8 Short Blades
 - Level 4.2 Armour
 - Level 11.1 Dodging
 - Level 0.8 Stealth
 - Level 5.2 Shields
 - Level 18.5 Unarmed Combat
 + Level 2.8 Spellcasting
 * Level 8.7 Transmutations
 * Level 7.9 Earth Magic
 - Level 13.4 Invocations
 - Level 8.1 Evocations


You had 4 spell levels left.
You knew the following spells:

 Your Spells              Type           Power        Failure   Level  Hunger
a - Passwall              Tmut/Erth      ####......   1%          2    ##.....
b - Conjure Flame         Conj/Fire      #.......     58%         3    ###....
c - Regeneration          Chrm/Necr      #.........   58%         3    ###....
d - Apportation           Tloc           #.....       26%         1    #......
e - Summon Butterflies    Summ           #.......     26%         1    #......
f - Statue Form           Tmut/Erth      ####.....    75%         6    #######
g - Blink                 Tloc           N/A          36%         2    ##.....


Dungeon Overview and Level Annotations

Branches:
Dungeon (15/15)            Temple (1/1) D:5            Lair (6/6) D:8
 Shoals (3/4) Lair:3        Snake (4/4) Lair:2        Slime (0/5) Lair:5
    Orc (2/2) D:12            Elf (0/3) Orc:2        Vaults (0/5) D:14
 Depths (0/5) D:15

Altars:
Ashenzari
Cheibriados
Dithmenos
Elyvilon
Fedhas
Gozag
Hepliaklqana
Kikubaaqudgha
Makhleb
Nemelex Xobeh
Okawaru
Qazlal
Ru
Sif Muna
Trog
Uskayaw
Vehumet
Wu Jian
Xom
Yredelemnul
Zin
The Shining One
Beogh
Jiyva

Shops:
D:12 !   D:13 !   Orc:1 (   Orc:2 [(=*

Portals:
Trove: D:15 (give +5 fire dragon scales)

Annotations:
Lair:3 exclusion: ice dragon


Innate Abilities, Weirdness & Mutations

You have a pair of antennae on your head.
You have sharp fingernails.
You have claws for feet.
Your flesh is heat resistant. (rF+)
You are mostly covered in sharp spines.
You are immune to clouds of flame.


Message History

The faun wields a hunting sling.
The faun shoots a sling bullet.
You block the sling bullet.
You hit the cyclops but do no damage. You claw the cyclops, but do no damage.
The cyclops is moderately wounded.
You punch the cyclops! You claw the cyclops.
The cyclops is heavily wounded.
The faun is struck by your spines. The faun misses you. The cyclops hits you.
* * * LOW HITPOINT WARNING * * *
You punch the cyclops!
The cyclops is severely wounded.
The faun no longer looks unusually strong.
The faun is struck by your spines. The faun hits you but does no damage.
You hit the cyclops but do no damage. You claw the cyclops.
The cyclops is severely wounded.
The faun unwields an uncursed hunting sling.
The faun wields an uncursed quarterstaff.
The faun hits you with an uncursed quarterstaff!!
* * * LOW HITPOINT WARNING * * *
The cyclops hits you!
You die...

Y.cc≈≈≈≈...
#..≈≈≈≈≈...
#c.≈≈≈≈≈<.#
#..≈≈.≈...#
!.≈..≈≈... ≈
....≈≈≈... ...
#.≈≈.≈≈≈.≈≈≈
#...#####).≈≈≈≈≈≈≈≈≈
.......@c....≈≈≈≈≈≈≈
.......cC...≈≈≈≈≈≈≈.
...(........≈≈≈≈≈≈≈.
≈.[(........≈≈≈≈≈≈≈≈
≈..#.........≈≈≈...≈
## ##.........≈..#
#.........≈..#
#.........≈≈....
#.≈........≈≈≈≈≈


You could see 2 fauns and a cyclops.

Vanquished Creatures
  Vashnia (Snake:3)
  Saint Roka (Snake:2)
  Jorgrun (Snake:4)
  Agnes (Snake:3)
  A fire giant (D:15)
  Donald (Snake:1)
  12 nagarajas
  An orc warlord (Orc:2)
  Aizul (Snake:2)
  Nessos (D:12)
  Azrael (Snake:2)
  Josephine (Snake:1)
  A fire dragon (Lair:6)
  A minotaur (Lab)
  A merfolk impaler (Shoals:1)
  Erolcha (Orc:1)
  A fire dragon (shapeshifter) (D:12)
  11 hydras
  14 naga warriors
  A merfolk avatar (Shoals:1)
  8 centaur warriors
  6 anacondas
  11 two-headed ogres
  2 ogre magi
  A satyr (Shoals:3)
  An orc high priest (Orc:2)
  A death knight (D:14)
  18 naga sharpshooters
  2 shock serpents (Snake:4)
  A hell knight (Volcano)
  2 skeletal warriors (D:14)
  5 unseen horrors
  6 sea snakes
  A wizard (D:10)
  10 naga ritualists
  A swamp dragon (Lair:6)
  A deep elf mage (D:15)
  A wolf spider (Lair:6)
  7 orc knights
  15 harpies
  10 fauns
  7 manticores
  An oklob plant (Lair:5)
  6 salamanders
  4 cyclopes
  11 mana vipers
  3 orc sorcerers
  7 ugly things
  36 black mambas
  4 centaur zombies
  4 guardian serpents
  30 naga magi
  9 elephants
  3 water nymphs
  2 molten gargoyles (Volcano)
  11 spiny frogs
  3 gargoyles
  6 yaktaurs
  A kobold demonologist (D:15)
  An efreet (D:15)
  5 komodo dragons
  4 rime drakes
  A freezing wraith (D:14)
  18 merfolk
  3 trolls
  A wind drake (Shoals:3)
  A hornet (shapeshifter) (D:14)
  2 polar bears
  25 blink frogs
  A hornet (Lair:6)
  A meliai zombie (D:12)
  4 snapping turtles
  11 dream sheep
  11 hippogriffs
  3 redbacks (Lair:6)
  13 wyverns
  3 water elementals
  51 yaks
  A spriggan (D:9)
  5 basilisks
  5 wraiths
  2 fire bats (Volcano)
  2 hungry ghosts
  2 fire elementals (Snake:2)
  2 vampire mosquitoes (D:14)
  3 steam dragons (Lair:6)
  60 nagas
  8 wargs
  3 soldier ants
  5 hell hounds
  An acid dragon (Lair:6)
  27 water moccasins
  10 porcupines
  A swamp drake (shapeshifter) (D:15)
  35 orc warriors
  4 sky beasts
  2 phantoms
  4 necrophages
  5 ice beasts
  14 ogres
  4 wolves
  22 centaurs
  A boggart (D:4)
  17 crocodiles
  12 big kobolds
  26 bullfrogs
  2 gnoll sergeants (D:12)
  A wyvern zombie (D:7)
  A wyvern skeleton (D:13)
  3 scorpions
  21 killer bees
  5 wights (D:14)
  9 howler monkeys
  2 electric eels (Lair:2)
  5 jellies
  8 crimson imps
  7 lava snakes (Volcano)
  A quasit (D:8)
  13 orc priests
  7 hounds
  22 orc wizards
  3 bullfrog skeletons
  3 centaur skeletons
  A gnoll shaman (D:7)
  5 iguanas
  5 hell rats (Lair:2)
  10 worker ants
  A hound zombie (D:9)
  A worker ant zombie (D:5)
  26 adders
  16 gnolls
  11 river rats
  6 shadow imps
  2 oozes
  An adder skeleton (D:5)
  An adder zombie (D:5)
  13 worms
  2 dart slugs
  3 leopard geckos
  96 orcs
  3 ball pythons
  6 giant cockroaches
  9 goblins
  2 hobgoblins
  27 kobolds
  4 quokkas
  8 bats
  8 frilled lizards
  A quokka zombie (D:6)
  16 rats
  A fungus (Lair:4)
  2 plants (Lair:6)
1154 creatures vanquished.

Vanquished Creatures (collateral kills)
  An orc knight (Bailey)
  A basilisk (Lair:6)
  A water moccasin (Lair:6)
  2 orc warriors (Bailey)
  A killer bee (D:7)
  An orc (Orc:2)
7 creatures vanquished.

Vanquished Creatures (others)
  An orc knight (Bailey)
  A spiny frog (Lair:6)
  A hog (D:8)
  A hungry ghost (D:8)
  A warg (Orc:2)
  An orc warrior (Bailey)
  2 slaves (D:8)
  A killer bee (D:7)
  A centaur (D:4)
  A leopard gecko (D:8)
  5 orcs (D:8)
  26 fungi
  16 plants
  4 tentacles (Shoals:2)
62 creatures vanquished.

Grand Total: 1223 creatures vanquished

Notes
Turn   | Place    | Note
-------+----------+-------------------------------------------
     0 | D:1      | ErgoProxy the Demonspawn Artificer began the quest for the Orb.
     0 | D:1      | Reached XP level 1. HP: 15/15 MP: 3/3
   307 | D:1      | Gained mutation: You have sharp toenails. [demonic ancestry]
   307 | D:1      | Reached XP level 2. HP: 18/22 MP: 4/4
   571 | D:1      | You fall through a shaft!
  1042 | D:2      | Reached skill level 1 in Unarmed Combat
  1098 | D:2      | Reached XP level 3. HP: 25/28 MP: 5/5
  1365 | D:2      | Found a hazy altar of Hepliaklqana.
  1472 | D:2      | Found a bloodstained altar of Trog.
  2035 | D:3      | Found a snail-covered altar of Cheibriados.
  2290 | D:3      | Gained mutation: You have a pair of small antennae on your head. [demonic ancestry]
  2290 | D:3      | Reached XP level 4. HP: 27/34 MP: 6/6
  2337 | D:3      | Reached skill level 2 in Unarmed Combat
  2406 | D:3      | Found a glowing drain.
  2593 | Sewer    | Entered a sewer
  2629 | Sewer    | Gained mutation: Your flesh is heat resistant. (rF+) [demonic ancestry]
  2629 | Sewer    | Reached XP level 5. HP: 41/41 MP: 7/7
  2754 | Sewer    | Reached skill level 3 in Unarmed Combat
  3272 | Sewer    | Reached XP level 6. HP: 28/47 MP: 7/9
  3750 | Sewer    | Reached skill level 4 in Unarmed Combat
  3796 | Sewer    | Reached XP level 7. HP: 54/54 MP: 10/10
  4705 | D:4      | Reached skill level 5 in Evocations
  4716 | D:4      | Reached skill level 5 in Unarmed Combat
  5305 | D:3      | Got a steaming ring mail
  5316 | D:3      | Identified the +5 ring mail of Responsibility {rPois rF- rCorr Str-5} (You took it off an orc on level 3 of the Dungeon)
  5605 | D:5      | Entered Level 5 of the Dungeon
  5648 | D:5      | Reached XP level 8. HP: 21/61 MP: 8/12
  6016 | D:5      | Found a shadowy altar of Dithmenos.
  6125 | D:5      | Reached skill level 5 in Fighting
  6255 | D:5      | Reached skill level 6 in Unarmed Combat
  6451 | D:5      | Found a staircase to the Ecumenical Temple.
  6600 | Temple   | Entered the Ecumenical Temple
  6939 | D:5      | Found an ancient bone altar of Kikubaaqudgha.
  7551 | D:6      | Found a deep blue altar of Sif Muna.
  7551 | D:6      | Found a shattered altar of Ashenzari.
  7648 | D:6      | Reached skill level 7 in Unarmed Combat
  7745 | D:6      | Found a sparkling altar of Nemelex Xobeh.
  8243 | D:7      | Gained mutation: You are partially covered in sharp spines. [demonic ancestry]
  8243 | D:7      | Reached XP level 9. HP: 69/69 MP: 13/13
  8616 | D:7      | Reached skill level 8 in Unarmed Combat
  8953 | D:8      | Found a staircase to the Lair.
  9055 | D:8      | Noticed Pikel
  9059 | D:8      | Noticed Pikel
  9059 | D:8      | Pikel changed into Pikel the warg
  9067 | D:8      | Killed Pikel the warg
  9163 | D:8      | Learned a level 2 spell: Passwall
  9389 | D:8      | Reached skill level 9 in Unarmed Combat
  9713 | D:8      | Found a burning altar of Makhleb.
  9729 | D:8      | Became a worshipper of Makhleb the Destroyer
  9910 | Lair:1   | Entered Level 1 of the Lair of Beasts
 10050 | Lair:1   | Reached XP level 10. HP: 73/79 MP: 15/15
 10101 | Lair:1   | Reached skill level 1 in Invocations
 10234 | D:9      | Found a white marble altar of Elyvilon.
 10656 | D:9      | Reached * piety under Makhleb
 10656 | D:9      | Reached skill level 10 in Unarmed Combat
 10743 | D:9      | Found a snail-covered altar of Cheibriados.
 10744 | D:9      | Found a shimmering altar of Xom.
 10849 | D:9      | Found an ornate altar of the Wu Jian Council.
 10917 | D:10     | Entered Level 10 of the Dungeon
 11276 | D:10     | Reached ** piety under Makhleb
 11471 | D:10     | Killed an unseen horror
 11471 | D:10     | Reached skill level 5 in Invocations
 11505 | D:10     | Noticed a wizard
 11507 | D:10     | Paralysed by a wizard for 6 turns
 11513 | D:10     | Killed a wizard
 11513 | D:10     | Gained mutation: You are mostly covered in sharp spines. [demonic ancestry]
 11513 | D:10     | Reached XP level 11. HP: 86/86 MP: 17/17
 11671 | D:11     | Found a shimmering altar of Xom.
 11997 | D:11     | Reached skill level 11 in Unarmed Combat
 12033 | D:11     | Killed an unseen horror
 12093 | D:11     | Noticed a two-headed ogre
 12111 | D:11     | Killed a two-headed ogre
 12297 | D:11     | Noticed a purple ugly thing
 12311 | D:11     | Killed a purple ugly thing
 12497 | D:11     | Reached skill level 5 in Dodging
 12955 | Lair:1   | Reached skill level 12 in Unarmed Combat
 13002 | Lair:1   | Noticed a four-headed hydra
 13014 | Lair:1   | Killed a four-headed hydra
 13602 | Lair:2   | Gained mutation: You have razor-sharp toenails. [demonic ancestry]
 13602 | Lair:2   | Reached XP level 12. HP: 61/94 MP: 18/18
 13607 | Lair:2   | Reached *** piety under Makhleb
 13648 | Lair:2   | Found a staircase to the Snake Pit.
 13708 | Lair:2   | Found a shimmering altar of Xom.
 14464 | Lair:2   | Noticed a six-headed hydra
 14542 | Lair:2   | Killed a six-headed hydra
 14542 | Lair:2   | Reached skill level 13 in Unarmed Combat
 14779 | Lair:3   | Noticed an eight-headed hydra
 14790 | Lair:3   | Killed an eight-headed hydra
 14942 | Lair:3   | Noticed a four-headed hydra
 14954 | Lair:3   | Killed a four-headed hydra
 14954 | Lair:3   | Reached skill level 10 in Invocations
 15104 | Lair:3   | Found a staircase to the Shoals.
 15323 | Lair:3   | Reached **** piety under Makhleb
 15365 | Lair:3   | Noticed an ice dragon
 15610 | Lair:4   | Reached skill level 10 in Fighting
 15611 | Lair:4   | Noticed a seven-headed hydra
 15615 | Lair:4   | Killed a seven-headed hydra
 15785 | Lair:4   | Reached XP level 13. HP: 103/103 MP: 21/21
 16570 | Lair:4   | Reached skill level 1 in Armour
 17596 | Lair:5   | Reached ***** piety under Makhleb
 17777 | Lair:6   | Entered Level 6 of the Lair of Beasts
 17878 | Lair:6   | Found a labyrinth entrance.
 17922 | Lair:6   | Got a spiked ring mail
 17933 | Lair:6   | Identified the +2 ring mail of the Evening {*Slow rF++ rCorr Int+3} (You found it on level 6 of the Lair of Beasts)
 17958 | Lair:6   | Reached skill level 14 in Unarmed Combat
 17990 | Lab      | Entered a labyrinth
 18811 | Lab      | Noticed a minotaur
 18821 | Lab      | Killed a minotaur
 18828 | Lab      | Learned a level 3 spell: Conjure Flame
 19387 | Lair:5   | Found a runed door.
 19394 | Lair:5   | Found a viscous altar of Jiyva.
 19394 | Lair:5   | Found a staircase to the Slime Pits.
 20035 | Lair:6   | Identified the Catalogue of Unholy Venom
 20041 | Lair:6   | Learned a level 3 spell: Regeneration
 20113 | Lair:6   | Gained mutation: You have sharp fingernails. [demonic ancestry]
 20113 | Lair:6   | Reached XP level 14. HP: 110/110 MP: 23/23
 20304 | Lair:6   | Reached skill level 15 in Unarmed Combat
 21494 | D:12     | Noticed Nessos
 21506 | D:12     | Killed Nessos
 21781 | D:12     | Found Nenwetosch's Distillery.
 21800 | D:12     | Bought a potion of curing for 39 gold pieces
 21800 | D:12     | Bought a potion of curing for 39 gold pieces
 21800 | D:12     | Bought a potion of haste for 130 gold pieces
 21800 | D:12     | Bought a potion of heal wounds for 65 gold pieces
 21800 | D:12     | Bought a potion of cancellation for 104 gold pieces
 21907 | D:12     | Reached ****** piety under Makhleb
 22096 | D:12     | Found a deep blue altar of Sif Muna.
 22186 | D:12     | Found a staircase to the Orcish Mines.
 22280 | Orc:1    | Entered Level 1 of the Orcish Mines
 22284 | Orc:1    | Noticed Erolcha
 22299 | Orc:1    | Killed Erolcha
 22328 | Orc:1    | Found a flagged portal.
 22335 | Bailey   | Entered a bailey
 22448 | Bailey   | Identified a scroll of acquirement
 22591 | Bailey   | Reached skill level 1 in Transmutations
 22671 | Orc:2    | Entered Level 2 of the Orcish Mines
 22696 | Orc:2    | Found a dark tunnel.
 22725 | Volcano  | Entered a volcano
 22898 | Volcano  | Found a radiant altar of Vehumet.
 22928 | Volcano  | Reached skill level 16 in Unarmed Combat
 23355 | Orc:1    | Found Visulyr's Weapon Shoppe.
 23758 | Orc:2    | Found a staircase to the Elven Halls.
 24080 | Orc:2    | Noticed Maurice
 24085 | Orc:2    | Noticed Maurice
 24087 | Orc:2    | Killed Maurice the bullfrog
 24192 | Orc:2    | Found a burning altar of Makhleb.
 24368 | Orc:2    | Noticed an orc warlord
 24430 | Orc:2    | Found a roughly hewn altar of Beogh.
 24452 | Orc:2    | Killed an orc warlord
 24458 | Orc:2    | Gained mutation: You have claws for feet. [demonic ancestry]
 24458 | Orc:2    | Reached XP level 15. HP: 113/115 MP: 25/25
 24516 | Orc:2    | Found Ugyduryck's Antique Weapon Boutique.
 24744 | Orc:2    | Found Saomac's Jewellery Boutique.
 24759 | Orc:2    | Found Liawkar's Antique Armour Boutique.
 24774 | Orc:2    | Found Wupsoly's General Store.
 24798 | Orc:2    | Bought the amulet "Empofaif" {Regen+ Int+2 Dex+4} for 793 gold pieces
 24798 | Orc:2    | Bought an uncursed ring of protection from magic for 400 gold pieces
 24798 | Orc:2    | Bought an uncursed ring of protection from cold for 400 gold pieces
 24819 | Orc:2    | Bought an embroidered cloak for 225 gold pieces
 25463 | D:13     | Found Zunifuba's Distillery.
 25529 | D:13     | Reached skill level 1 in Earth Magic
 25852 | D:13     | Bought a potion of haste for 110 gold pieces
 25852 | D:13     | Bought a potion of might for 44 gold pieces
 26367 | D:14     | Found a sacrificial altar of Ru.
 26384 | D:14     | Reached skill level 5 in Transmutations
 26513 | D:14     | Found a gate to the Vaults.
 26860 | D:15     | Entered Level 15 of the Dungeon
 27020 | D:15     | Found a staircase to the Depths.
 27021 | D:15     | Noticed a fire giant
 27039 | D:15     | Killed a fire giant
 27181 | D:15     | Reached skill level 5 in Earth Magic
 27580 | D:15     | Found a portal to a secret trove of treasure.
 27845 | Snake:1  | Entered Level 1 of the Snake Pit
 28068 | Snake:1  | Noticed a nagaraja
 28082 | Snake:1  | Killed a nagaraja
 28186 | Snake:1  | Reached XP level 16. HP: 104/122 MP: 26/26
 28199 | Snake:1  | Noticed Josephine
 28210 | Snake:1  | Killed Josephine
 28598 | Snake:1  | Noticed Donald
 28611 | Snake:1  | Killed Donald
 28699 | Snake:1  | Reached skill level 17 in Unarmed Combat
 29199 | Snake:2  | Noticed Saint Roka
 29357 | Snake:2  | Killed Saint Roka
 29398 | Snake:2  | Noticed Aizul
 29424 | Snake:2  | Noticed Azrael
 29462 | Snake:2  | Killed Azrael
 29538 | Snake:2  | Killed Aizul
 29613 | Snake:2  | Reached skill level 10 in Dodging
 29976 | Snake:3  | Reached skill level 1 in Shields
 30958 | Snake:3  | Noticed Vashnia
 31134 | Snake:3  | Noticed Agnes
 31140 | Snake:3  | Killed Agnes
 31140 | Snake:3  | Reached skill level 5 in Shields
 32125 | Snake:3  | Killed Vashnia
 32125 | Snake:3  | Gained mutation: You have a pair of antennae on your head. [demonic ancestry]
 32125 | Snake:3  | Reached XP level 17. HP: 101/133 MP: 27/27
 32665 | Snake:4  | Entered Level 4 of the Snake Pit
 32665 | Snake:4  | Noticed Jorgrun
 32723 | Snake:4  | Learned a level 1 spell: Apportation
 32725 | Snake:4  | Learned a level 1 spell: Summon Butterflies
 32915 | Snake:4  | Killed Jorgrun
 33568 | Snake:4  | Reached skill level 18 in Unarmed Combat
 34328 | Snake:4  | Got a serpentine rune of Zot
 34756 | Shoals:1 | Entered Level 1 of the Shoals
 34847 | Shoals:1 | Learned a level 6 spell: Statue Form
 35084 | Orc:2    | Bought an uncursed ring of wizardry for 480 gold pieces
 35483 | Shoals:1 | Gained mutation: You are immune to clouds of flame. [demonic ancestry]
 35483 | Shoals:1 | Reached XP level 18. HP: 79/144 MP: 28/28
 35486 | Shoals:1 | Reached skill level 1 in Spellcasting
 36119 | Shoals:2 | Learned a level 2 spell: Blink
 37103 | Shoals:3 | Slain by a cyclops

Vault maps used:
D:1:      onia_arrival_mini_spirals
D:2:      lightli_temple_of_fire, nicolae_overflow_hidden_temple, first_bread
D:3:      lightli_sewer_entry_pipes, minmay_door_square, cheibriados_altar_1
D:5:      kennysheep_mini, grunt_dithmenos_smoke_and_mirrors,
          minmay_temple_entry_poolview, minmay_crossroads
D:6:      overflow_temple_1_default, gammafunk_temple_overflow_statue,
          kennysheep_generic_room_12
D:8:      lemuel_doored_altar, minmay_lair_entry_lava, uniq_pikel
D:9:      nicolae_overflow_crystal_walls, minitemple, old_standard_altar,
          the_bakery, nrook_loot_triangle
D:10:     lightli_wizard_tower
D:11:     basic_altar, kennysheep_generic_room_9
D:12:     kennysheep_orc_monster_closet_entryway, serial_shops,
          nicolae_shop_window_shopping, lemuel_blue_sif_altar, uniq_nessos
D:13:     serial_shops, nicolae_shop_crystal, minivault_16
D:14:     david_vaults_2, hangedman_ru_absence
D:15:     grunt_enter_depths_giant_problem, enter_trove_6, hex_medium
Temple:   zaba_magenta_temple
Lair:2:   minmay_snake_entry_six_corridors, basic_altar,
          kennysheep_abandoned_house
Lair:3:   dragon1_lemuel, elwin_shoals_entry_rocks
Lair:4:   lookout_lair_type
Lair:5:   slime_altar_2, serial_bayou_shore_a
Lair:6:   hangedman_lair_tendril_chambers, guppyfry_lair_end_dragon,
          lab_entry_generic, st_stairs_13
Shoals:1: nicolae_shoals_wave_tunnel
Shoals:3: nicolae_shoals_loop_pool
Snake:1:  grunt_ministairs_9, nicolae_snake_linked_coils, st_stairs_1,
          lemuel_fruit_tree, uniq_josephine, uniq_donald
Snake:2:  uniq_azrael, uniq_saint_roka, uniq_aizul
Snake:3:  uniq_agnes, uniq_vashnia
Snake:4:  snake_pit, st_stairs_1, corexii_hall_statues_l, uniq_jorgrun
Orc:1:    enter_bailey_2, serial_shops, shop, uniq_erolcha
Orc:2:    grunt_orc_cross, enter_volcano_2, bloody_makhleb, uniq_maurice
Sewer:    sewer_co_tree
Bailey:   bailey_polearm_5, bailey
Volcano:  volcano_lake

Skill      XL: |  1  2  3  4  5  6  7  8  9 10 11 12 13 14 15 16 17 18 |
---------------+-------------------------------------------------------+-----
Fighting       | 2 3 4 6 7 8 10 11 13 | 13.5
Unarmed Combat | 1 2 3 4 5 7 9 10 12 13 14 16 17 18 | 18.5
Evocations     | 4 5 6 7 8 |  8.1
Invocations    | 5 8 11 12 13 | 13.4
Dodging        | 3 5 7 8 9 10 11 | 11.1
Armour         | 4 |  4.2
Transmutations | 2 7 8 |  8.7
Earth Magic    | 6 7 |  7.9
Shields        | 5 |  5.2
Spellcasting   | 2 |  2.8
Short Blades   | |  0.8
Stealth        | |  0.8

Action                   |  1- 3 |  4- 6 |  7- 9 | 10-12 | 13-15 | 16-18 || total
-------------------------+-------+-------+-------+-------+-------+-------++-------
Melee: Short sword       |   157 |   125 |       |       |       |       ||   282
       Kick              |    32 |    37 |   155 |   233 |   568 |   660 ||  1685
       Punch             |       |     1 |    19 |    41 |   143 |    29 ||   233
       Unarmed           |       |     5 |   608 |   701 |  1470 |  1346 ||  4130
Throw: Throwing net      |       |       |       |     1 |       |     1 ||     2
Invok: Minor Destruction |       |       |       |       |       |     1 ||     1
       Major Destruction |       |       |       |       |       |     1 ||     1
Evoke: Wand              |       |    14 |    18 |    16 |    41 |    25 ||   114
  Use: Scroll            |     6 |       |    16 |     7 |    21 |     9 ||    59
       Potion            |       |       |       |     1 |     1 |     8 ||    10
 Stab: Sleeping          |     1 |       |       |     1 |     2 |       ||     4
       Paralysed         |       |       |       |       |    31 |     3 ||    34
       Distracted        |       |       |       |       |     1 |       ||     1
       Held in net/web   |       |       |       |       |       |     3 ||     3
  Eat: Chunk             |     4 |     6 |    19 |    20 |    15 |     6 ||    70
       Bread ration      |       |       |     1 |       |     5 |     5 ||    11
       Royal jelly       |       |       |       |       |     2 |     1 ||     3
Armor: Leather armour    |    36 |    15 |    18 |       |       |       ||    69
       Ring mail         |       |       |   176 |   225 |   278 |       ||   679
       Skin              |       |       |       |    25 |       |     2 ||    27
       Scale mail        |       |       |       |       |   154 |   272 ||   426
Dodge: Dodged            |    85 |    48 |   271 |   324 |   982 |   642 ||  2352
Block: Buckler           |       |       |       |       |       |   221 ||   221

Table legend:
 A = Spawn XP
 B = Non-spawn XP
 C = Spawn XP percentage of total XP
 D = Spawn monster count
 E = Non-spawn monster count
 F = Spawn count percentage of total count
 G = Total turns spent on level
                    A         B        C        D         E        F      G
               +---------+---------+-------+---------+---------+-------+---------
         Total |       0 |  316765 |   0.0 |       0 |    1162 |   0.0 | 37103
               +---------+---------+-------+---------+---------+-------+---------
           D:1 |       0 |      20 |   0.0 |       0 |      13 |   0.0 |   838
           D:2 |       0 |      46 |   0.0 |       0 |      18 |   0.0 |  1107
           D:3 |       0 |     160 |   0.0 |       0 |      21 |   0.0 |  1296
           D:4 |       0 |     391 |   0.0 |       0 |      14 |   0.0 |   907
           D:5 |       0 |     556 |   0.0 |       0 |      21 |   0.0 |  1559
           D:6 |       0 |     703 |   0.0 |       0 |      12 |   0.0 |   632
           D:7 |       0 |    1317 |   0.0 |       0 |      25 |   0.0 |   981
           D:8 |       0 |    2366 |   0.0 |       0 |      29 |   0.0 |  1364
           D:9 |       0 |    2339 |   0.0 |       0 |      26 |   0.0 |   799
          D:10 |       0 |    2493 |   0.0 |       0 |      33 |   0.0 |   941
          D:11 |       0 |    6806 |   0.0 |       0 |      35 |   0.0 |  1251
          D:12 |       0 |   10616 |   0.0 |       0 |      70 |   0.0 |  1211
          D:13 |       0 |    9696 |   0.0 |       0 |      49 |   0.0 |   526
          D:14 |       0 |   14764 |   0.0 |       0 |      46 |   0.0 |   842
          D:15 |       0 |   16931 |   0.0 |       0 |      34 |   0.0 |   775
        Lair:1 |       0 |    3826 |   0.0 |       0 |      14 |   0.0 |  1035
        Lair:2 |       0 |    7293 |   0.0 |       0 |      55 |   0.0 |  1373
        Lair:3 |       0 |    4171 |   0.0 |       0 |      14 |   0.0 |  1005
        Lair:4 |       0 |    9089 |   0.0 |       0 |      33 |   0.0 |  1915
        Lair:5 |       0 |    9757 |   0.0 |       0 |      39 |   0.0 |  1106
        Lair:6 |       0 |   23780 |   0.0 |       0 |      82 |   0.0 |  1624
      Shoals:1 |       0 |   19485 |   0.0 |       0 |      38 |   0.0 |   882
      Shoals:2 |       0 |   12284 |   0.0 |       0 |      29 |   0.0 |   822
      Shoals:3 |       0 |    3270 |   0.0 |       0 |       9 |   0.0 |   178
       Snake:1 |       0 |   18754 |   0.0 |       0 |      38 |   0.0 |  1619
       Snake:2 |       0 |   16605 |   0.0 |       0 |      33 |   0.0 |   904
       Snake:3 |       0 |   43606 |   0.0 |       0 |      74 |   0.0 |  2157
       Snake:4 |       0 |   54725 |   0.0 |       0 |      80 |   0.0 |  1828
         Orc:1 |       0 |    2934 |   0.0 |       0 |      28 |   0.0 |   600
         Orc:2 |       0 |    9474 |   0.0 |       0 |      65 |   0.0 |  1865
           Lab |       0 |    1051 |   0.0 |       0 |       1 |   0.0 |   845
         Sewer |       0 |     713 |   0.0 |       0 |      28 |   0.0 |  1457
        Bailey |       0 |    2703 |   0.0 |       0 |      39 |   0.0 |   288
       Volcano |       0 |    4041 |   0.0 |       0 |      17 |   0.0 |   486
               +---------+---------+-------+---------+---------+-------+---------
